 Dungeon Crawl Stone Soup version 0.31-a0-728-g01b46875f1 (webtiles) character file.

Game seed: 14971156104028266550

260 ytrimaz the Insei (level 6, -3/38 HPs)
             Began as an Octopode Shapeshifter on Sept 11, 2023.
             Splashed by a jelly's acid (9 damage)
             ... on level 4 of the Dungeon.
             The game lasted 00:04:09 (2645 turns).

ytrimaz the Insei (Octopode Shapeshifter)           Turns: 2645, Time: 00:04:10

Health: -3/38      AC: -15   Str: 13    XL:     6   Next: 17%
Magic:  6/6        EV: 13    Int: 13    God:
Gold:   251        SH:  5    Dex: 13    Spells: 5/5 levels left

rFire   . .          .
                       - Unarmed
rCold   . . .        (no shield)
rNeg    . . .        (helmet currently unavailable)
rPois   .            h - amulet of reflection
rElec   .            (no ring)
rCorr   .            (no ring)
SInv    .            (no ring)
Will    .....        (no ring)
Stlth   ++           (no ring)
HPRegen 0.26/turn    (no ring)
MPRegen 0.10/turn    (no ring)
                     (no ring)

%: reflection
@: beast-form, corroded
A: beast (slay +2), almost no armour, amphibious, 8 rings, camouflage 1,
gelatinous body 1, (nimble swimmer 1), tentacles
a: Begin Untransformation


You were on level 4 of the Dungeon.
You were a hulking beast.
You visited 1 branch of the dungeon, and saw 4 of its levels.

You collected 251 gold pieces.


Innate Abilities, Weirdness & Mutations

You are a hulking beast.
Your limbs bulge with bestial killing power. (Slay +2)
You cannot wear most types of armour.
You are amphibious.
You can wear up to eight rings at the same time.
Your skin changes colour to match your surroundings (Stealth+).
Your rubbery body absorbs attacks. (AC +1, EV +1)
((You are camouflaged when in or above water. (Stealth+)))
You have tentacles for arms and can constrict up to eight enemies at once.


   Skills:
 - Level 1.0 Fighting
 - Level 2.0 Dodging
 + Level 5.2 Unarmed Combat
 + Level 4.9 Shapeshifting


You had 5 spell levels left.
You didn't know any spells.
Your spell library contained the following spells:

 Spells                   Type           Power      Damage    Failure   Level
 Slow                     Hex            0%         N/A       30%         1
 Ensorcelled Hibernation  Hex/Ice        0%         N/A       43%         2
 Passwall                 Tmut/Erth      0%         N/A       43%         2
 Confusing Touch          Hex            0%         N/A       67%         3
 Sigil of Binding         Hex            0%         N/A       67%         3
 Swiftness                Air            0%         N/A       67%         3
 Vampiric Draining        Necr           0%         2d6       67%         3

Inventory:

Jewellery
 h - an amulet of reflection (around mantle)
   (You found it on level 3 of the Dungeon)
Talismans
 b - a beast talisman (active)
 c - a flux talisman
 o - a maw talisman
   (You found it on level 4 of the Dungeon)
Scrolls
 d - a scroll of blinking
 k - 4 scrolls of enchant weapon
Potions
 a - a potion of curing
 e - 2 potions of might
 f - 4 potions of haste {unknown}
 g - a potion of invisibility {unknown}
 i - 2 potions of heal wounds {unknown}
 j - a potion of magic {unknown}
 l - a potion of ambrosia {unknown}
 m - a potion of brilliance {unknown}
 n - a potion of enlightenment {unknown}

Dungeon Overview and Level Annotations

Branches:
Dungeon (4/15) Zot: 21365
 Temple: D:4-7

Altars:

#..........#....
##################..........#..#
...(..........................##
##################.######.....#
#.# #.##### #.######.#######
#...............
###############..#######
+..:/.Jh..#####.##
#########.##....#
.......#.#.....#
...............#
######.#.......# ##########
#.#.......# .........#
#.#........#
############.###.#.#......+ ####
...# #.........#.#....# #...


You could see a jelly.


Message History

Unknown command.
There is an open door here.
You open the door.
There is an open door here.
Found a stone staircase leading down.
There is a stone staircase leading down here.
There is a stone staircase leading down here.
Key pressed, stopping explore.
You see here a +0 dagger.
You pick up a book of Burglary and begin reading...
You add the spells Passwall, Ensorcelled Hibernation and Swiftness to your library.
Key pressed, stopping explore.
There is an open door here.
You see here an orb of wrath.
Key pressed, stopping explore.
You now have 232 gold pieces (gained 8).
A goblin comes into view. It is wielding a +0 dagger.
A goblin is nearby!
A goblin is nearby!
A goblin is nearby!
The goblin closely misses you.
You completely miss the goblin. You grab the goblin. You squeeze the goblin.
You kill the goblin!
You see here a +0 dagger.
No target in view!
You now have 248 gold pieces (gained 16).
You now have 251 gold pieces (gained 3).
n - a murky pink potion An endoplasm comes into view.
An endoplasm is nearby!
An endoplasm is nearby!
The endoplasm quivers.
You completely miss the endoplasm. You barely miss the endoplasm.
The endoplasm freezes you.
You are frozen. 😕 HP[-4]
You take 4 damage, and now have 34/38 hp.
Unknown command.
You tentacle-slap the endoplasm. You squeeze the endoplasm.
You kill the endoplasm!
No target in view! 😕 HP[+1] 😕 HP[+1] Unknown command. 😕 HP[+1] 😎 HP[+1]
Your hp is fully restored (38).
You see here a maw talisman.
o - a maw talisman Setting a skill training target for Shapeshifting at 10.0.
Key pressed, stopping explore.
Key pressed, stopping explore.
A jelly comes into view.
A jelly is nearby!
The jelly quivers.
The jelly closely misses you.
You tentacle-slap the jelly. The acid corrodes you!
Your tentacles burn!
The jelly hits you. The acid corrodes you!
You are splashed with acid! 😮 HP[-15]
You take 15 damage, and now have 23/38 hp.
MASSIVE DAMAGE!! (PAUSE)
You are too injured to fight recklessly!
You tentacle-slap the jelly but do no damage.
The acid corrodes you!
Your tentacles burn!
* * * LOW HITPOINT WARNING * * *
You squeeze the jelly! You block the jelly's attack. 😮 HP[-3]
You take 3 damage, and now have 20/38 hp.
You barely miss the jelly. The jelly closely misses you.
Unknown command.
You are too injured to fight recklessly!
You tentacle-slap the jelly. The acid corrodes you!
Your tentacles burn!
* * * LOW HITPOINT WARNING * * *
The jelly barely misses you. 😨 HP[-3]
You take 3 damage, and now have 17/38 hp.
You tentacle-slap the jelly but do no damage.
Your tentacles burn!
* * * LOW HITPOINT WARNING * * *
The jelly closely misses you.
Unknown command. 😨 HP[-2]
You take 2 damage, and now have 15/38 hp.
You are too injured to fight recklessly!
You tentacle-slap the jelly but do no damage.
Your tentacles burn!
* * * LOW HITPOINT WARNING * * *
The jelly barely misses you. 😨 HP[-2]
You take 2 damage, and now have 13/38 hp.
Unknown command.
You tentacle-slap the jelly but do no damage.
Your tentacles burn!
* * * LOW HITPOINT WARNING * * *
You squeeze the jelly, but do no damage.
The jelly hits you.
* * * LOW HITPOINT WARNING * * *
The acid corrodes you!
You are splashed with acid!
You die...

Skill      XL: |  1  2  3  4  5 |
---------------+----------------+-----
Unarmed Combat | 4 5 |  5.2
Shapeshifting  | 4 |  4.9
Fighting       | |  1.0
Dodging        | |  2.0

Action                     |  1- 3 |  4- 6 || total
---------------------------+-------+-------++-------
  Melee: Unarmed           |    83 |    65 ||   148
         Tentacles         |    15 |     7 ||    22
         Constrict         |    16 |    10 ||    26
         Punch             |       |     2 ||     2
    Use: Scroll            |     3 |       ||     3
         Potion            |       |     3 ||     3
   Stab: Sleeping          |     3 |     1 ||     4
 Armour: Skin              |    27 |    34 ||    61
  Dodge: Dodged            |    62 |    43 ||   105
  Block: Other             |     5 |    13 ||    18

Levels and vault maps discovered:
D:1:      minmay_arrival_checkered_box, layout_basic
D:2:      layout_loops_corners
D:3:      layout_rooms, serial_bayou_crossing
D:4:      layout_basic, uniq_robin

Notes
Turn   | Place    | Note
-------+----------+-------------------------------------------
     0 | D:1      | ytrimaz the Octopode Shapeshifter began the quest for the
                  | Orb.
     0 | D:1      | Reached XP level 1. HP: 13/13 MP: 1/1
     0 | D:1      | magus.rc [v1.9.6]
    54 | D:1      | Reached XP level 2. HP: 17/18 MP: 2/2
   485 | D:1      | You fall into a shaft and drop 1 floor!
   826 | D:2      | Reached XP level 3. HP: 23/23 MP: 3/3
  1290 | D:2      | You pick up a book of Debilitation and begin reading...
  1290 | D:2      | You add the spells Slow, Sigil of Binding, Vampiric
                  | Draining and Confusing Touch to your library.
  1555 | D:3      | Reached skill level 4 in Unarmed Combat
  1555 | D:3      | Reached XP level 4. HP: 22/28 MP: 4/4
  1657 | D:3      | Reached skill level 4 in Shapeshifting
  1659 | D:3      | Reached XP level 5. HP: 28/33 MP: 5/5
  2150 | D:4      | Noticed Robin
  2170 | D:4      | Killed Robin
  2172 | D:4      | HP: 7/33 [hobgoblin[Robin] (4)]
  2172 | D:4      | HP: 3/33 [goblin/+0 club[Robin] (4)]
  2325 | D:4      | Noticed a phantom
  2340 | D:4      | Killed a phantom
  2341 | D:4      | Reached skill level 5 in Unarmed Combat
  2341 | D:4      | Reached XP level 6. HP: 31/38 MP: 6/6
  2447 | D:4      | You pick up a book of Burglary and begin reading...
  2447 | D:4      | You add the spells Passwall, Ensorcelled Hibernation and
                  | Swiftness to your library.
  2645 | D:4      | HP: 8/38 [acid (5)]
  2645 | D:4      | Splashed by a jelly's acid

Vanquished Creatures
  A phantom (D:4)
  A hound (D:4)
  2 orc priests (D:3)
  Robin (D:4)
  2 adders
  2 worms
  A dart slug (D:1)
  4 orcs (D:3)
  6 ball pythons
  6 endoplasms
  A giant cockroach (D:4)
  10 goblins
  5 hobgoblins
  3 jackals (D:1)
  4 kobolds
  6 bats
  A frilled lizard (D:1)
  3 rats
59 creatures vanquished.

Table legend:
 A = Non-vault XP
 B = Vault XP
 C = Vault XP percentage of total XP
 D = Non-vault monster count
 E = Vault monster count
 F = Vault count percentage of total count
                 A         B        C        D         E       F
            +---------+---------+-------+---------+---------+-------
      Total |     337 |      35 |   9.4 |      48 |      11 |  18.6
            +---------+---------+-------+---------+---------+-------
        D:1 |      26 |       0 |   0.0 |      14 |       0 |   0.0
        D:2 |      40 |       0 |   0.0 |      15 |       0 |   0.0
        D:3 |     117 |       0 |   0.0 |      12 |       0 |   0.0
        D:4 |     154 |      35 |  18.5 |       7 |      11 |  61.1
            +---------+---------+-------+---------+---------+-------

Skill      XL: |  1  2  3  4  5 |
---------------+----------------+-----
Unarmed Combat | 4 5 |  5.2
Shapeshifting  | 4 |  4.9
Fighting       | |  1.0
Dodging        | |  2.0

Action                     |  1- 3 |  4- 6 || total
---------------------------+-------+-------++-------
  Melee: Unarmed           |    83 |    65 ||   148
         Tentacles         |    15 |     7 ||    22
         Constrict         |    16 |    10 ||    26
         Punch             |       |     2 ||     2
    Use: Scroll            |     3 |       ||     3
         Potion            |       |     3 ||     3
   Stab: Sleeping          |     3 |     1 ||     4
 Armour: Skin              |    27 |    34 ||    61
  Dodge: Dodged            |    62 |    43 ||   105
  Block: Other             |     5 |    13 ||    18

Illustrated notes

Table legend:
 A = Kills in this place as a percentage of kills in the entire game.
 B = Kills by you in this place as a percentage of kills by you in the entire game.
 C = Kills by friends in this place as a percentage of kills by friends in the entire game.
 D = Other kills in this place as a percentage of other kills in the entire game.
 E = Experience gained in this place as a percentage of experience gained in the entire game.
 F = Experience gained in this place divided by the number of levels of this place that you have seen.
                   A       B       C       D       E      F
               +-------+-------+-------+-------+-------+----------------------
         Total | 100.0 | 100.0 |   N/A |   N/A | 100.0 |  93.0
       Dungeon | 100.0 | 100.0 |   N/A |   N/A | 100.0 |  93.0
               +-------+-------+-------+-------+-------+----------------------

Table legend: (Time is in decaauts)
 A = Elapsed time spent in this place.
 B = Non-inter-level travel time spent in this place.
 C = Inter-level travel time spent in this place.
 D = Time resting spent in this place.
 E = Time spent auto-exploring this place.
 F = Levels seen in this place.
 G = Mean time per level.
                   A        B        C        D        E       F      G
               +--------+--------+--------+--------+--------+-----+--------+
         Total |   2633 |   2609 |     24 |      0 |   2161 |   4 |  658.2 |
       Dungeon |   2633 |   2609 |     24 |      0 |   2161 |   4 |  658.2 |
               +--------+--------+--------+--------+--------+-----+--------+

Top non-repeatable levels by time:
     D:2: 914 daAuts
     D:4: 665 daAuts
     D:3: 571 daAuts
     D:1: 483 daAuts
